 Dungeon Crawl Stone Soup version 0.30-a0-170-g85af917532 (webtiles) character file.

Game seed: 13925512750923636559

4353 qw the Cleaver (level 10, -7/65 HPs)
             Began as a Gargoyle Fighter on Sept 30, 2022.
             Was an Initiate of Okawaru.
             Mangled by a hornet (12 damage)
             ... on level 8 of the Dungeon.
             The game lasted 00:03:26 (7476 turns).

qw the Cleaver (Gargoyle Fighter)                   Turns: 7476, Time: 00:03:26

Health: -7/65      AC: 28    Str: 31    XL:     10   Next: 34%
Magic:  10/10      EV:  8    Int:  8    God:    Okawaru [......]
Gold:   147        SH:  4    Dex:  9    Spells: 9/9 levels left

rFire   . . .      SeeInvis .    l - +1 hand axe (vamp)
rCold   . . .      Faith    .    c - +0 buckler
rNeg    + . .      Spirit   .    b - +0 plate armour
rPois   inf        Reflect  .    p - +2 helmet
rElec   +          Harm     .    a - +0 cloak
rCorr   .          Rampage  .    v - +2 pair of gloves
Will    .....                    (no boots)
Stlth   ..........               i - amulet of regeneration
HPRegen 1.00/turn                f - +6 ring of strength
MPRegen 0.12/turn                (no ring)

@: no status effects
A: sickness immunity, AC +7, negative energy resistance 1, electricity
resistance, torment resistance 1, petrification resistance
a: Renounce Religion


You were on level 8 of the Dungeon.
You worshipped Okawaru.
Okawaru was noncommittal.
You visited 2 branches of the dungeon, and saw 9 of its levels.

You collected 416 gold pieces.
You spent 269 gold pieces at shops.


Innate Abilities, Weirdness & Mutations

You are immune to sickness and miasma.
Your stone body is resilient. (AC +7)
You are immune to poison.
You resist negative energy. (rN+)
You are resistant to electric shocks. (rElec)
You are resistant to unholy torment.
You are immune to petrification.


   Skills:
 - Level 8.6 Fighting
 - Level 10.0 Axes
 + Level 0.7 Throwing
 - Level 7.1 Armour
 - Level 2.0 Dodging
 - Level 4.6 Shields


You had 9 spell levels left.
You didn't know any spells.
Your spell library was empty.

Inventory:

Hand Weapons
 l - a +1 vampiric hand axe (weapon)
 n - a +0 morningstar
 o - a +2 war axe of chaos
Missiles
 w - a boomerang (quivered)
Armour
 a - a +0 cloak (worn)
 b - a +0 plate armour (worn)
 c - a +0 buckler (worn)
 p - a +2 helmet (worn)
 v - a +2 pair of gloves (worn)
Jewellery
 f - a +6 ring of strength (left hand)
 i - an amulet of regeneration (around neck)
Scrolls
 s - a scroll of brand weapon
 t - a scroll of identify
Potions
 d - a potion of might
 e - a potion of lignification {unknown}
 h - a potion of flight {unknown}
 j - 2 potions of attraction
 k - a potion of brilliance {unknown}
 m - 4 potions of curing
 q - a potion of resistance {unknown}
 r - a potion of heal wounds {unknown}
 u - a potion of mutation {unknown}

Dungeon Overview and Level Annotations

Branches:
Dungeon (8/15)             Temple (1/1) D:7
   Lair: D:8-11

Altars:
Ashenzari
Cheibriados
Dithmenos
Elyvilon
Fedhas
Hepliaklqana
Kikubaaqudgha
Makhleb
Okawaru
Qazlal
Ru
Sif Muna
Trog
Uskayaw
Vehumet
Wu Jian
Xom
Yredelemnul
The Shining One

Shops:
D:2 [   D:6 :(([


Message History

You barely miss the kobold brigand.
The kobold brigand is severely wounded.
You hit the two-headed ogre. You closely miss the hornet.
The hornet stings you but does no damage.
The kobold brigand barely misses you.
You barely miss the kobold brigand.
The kobold brigand is severely wounded.
You closely miss the two-headed ogre. You closely miss the hornet.
The hornet closely misses you. The two-headed ogre barely misses you.
The two-headed ogre hits you but does no damage.
The kobold brigand hits you but does no damage.
You slash the kobold brigand!
You feel better.
You kill the kobold brigand!
Okawaru accepts your kill.
You hit the two-headed ogre but do no damage.
You completely miss the hornet.
The hornet stings you but does no damage.
The hornet completely misses you.
You hit the two-headed ogre.
The two-headed ogre is heavily wounded.
You barely miss the hornet.
The two-headed ogre hits you with a +0 giant club!
The two-headed ogre hits you with a +0 giant club.
You block the hornet's attack.
You slash the two-headed ogre!
You feel better.
The two-headed ogre is severely wounded.
You slash the hornet! You block the hornet's attack.
The two-headed ogre hits you with a +0 giant club! x2
You hit the two-headed ogre.
You feel better.
The two-headed ogre is severely wounded.
You closely miss the hornet. You block the hornet's attack.
You barely miss the two-headed ogre.
The two-headed ogre is severely wounded.
You barely miss the hornet. The hornet completely misses you.
The two-headed ogre hits you with a +0 giant club.
You block the two-headed ogre's attack. The hornet stings you!
You die...

#...........# #.)...#
#...........#####.....#
#.....................#
#.....................##
##............#### #####
#.........#...... ......
#.........#....##
......##..............).
......y@O.............O.
.......)..##...........h
.......)..##............
.......).)##........###.
..........# ........# #.
......##### ...... #.
...... ...... .. [.....
... ## ..)...


You could see a two-headed ogre and a hornet.

Vanquished Creatures
  Pikel (D:7)
  Menkaure (D:7)
  5 black bears
  5 ice beasts
  2 sky beasts (D:7)
  2 orc warriors (D:7)
  3 ogres
  4 centaurs (D:6)
  A phantom (D:6)
  2 kobold brigands
  2 bullfrogs
  2 gnoll sergeants
  2 necrophages
  4 scorpions
  A wight (D:6)
  5 jellies
  3 gnoll boudas
  2 orc priests (D:7)
  4 hounds
  6 orc wizards
  Robin (D:4)
  24 gnolls
  9 adders
  A shadow imp (D:5)
  2 white imps
  An ufetubus (D:7)
  A worm (D:2)
  3 dart slugs
  28 orcs
  8 endoplasms
  6 giant cockroaches
  14 goblins
  11 hobgoblins
  7 jackals (D:2)
  4 quokkas
  10 ball pythons
  5 bats
  A frilled lizard (D:1)
  14 kobolds
  3 rats
210 creatures vanquished.

Vanquished Creatures (others)
  10 plants (D:3)
  4 withered plants (D:4)
14 creatures vanquished.

Grand Total: 224 creatures vanquished

Notes
Turn   | Place    | Note
-------+----------+-------------------------------------------
     0 | D:1      | qw the Gargoyle Fighter began the quest for the Orb.
     0 | D:1      | Reached XP level 1. HP: 14/14 MP: 1/1
     0 | D:1      | 0 ||| qw: Version: 0.2-a-13-gfc7b4b4
     0 | D:1      | 0 ||| qw: Game counter: 1684
     0 | D:1      | 0 ||| qw: Always use a shield: true
     0 | D:1      | 0 ||| qw: God list: Okawaru
     0 | D:1      | 0 ||| qw: Allow faded altars: false
     0 | D:1      | 0 ||| qw: Do Orc after D:15 true
     0 | D:1      | 0 ||| qw: Do second Lair branch before Depths: true
     0 | D:1      | 0 ||| qw: Lair rune preference: random
     0 | D:1      | 0 ||| qw: Plans: Normal, Zot:1-4, God:TSO, Crypt, Tomb,
                  | Pan, Slime:5, Hells, Abyss, Orb
     0 | D:1      | 0 ||| PLANNING D:1-11
   112 | D:1      | Reached skill level 2 in Axes
   302 | D:1      | Reached XP level 2. HP: 19/19 MP: 2/2
   734 | D:1      | Reached skill level 3 in Axes
   962 | D:1      | Reached XP level 3. HP: 23/23 MP: 3/3
   968 | D:1      | 968 ||| READING scroll labelled KEIPUR LAUPNIDDIL.
   969 | D:1      | 969 ||| READING 2 scrolls labelled YCADUN MOMIODGH.
   973 | D:1      | 973 ||| READING scroll labelled OFEUCY BOST.
  1069 | D:2      | 1069 ||| Stepping ~*~*~tactically~*~*~ (stealth).
  1070 | D:2      | 1070 ||| Stepping ~*~*~tactically~*~*~ (stealth).
  1480 | D:2      | Reached XP level 4. HP: 28/28 MP: 4/4
  1660 | D:2      | Identified the +1 robe of True Grit {Int+6}
  1733 | D:2      | Found Poshryepp's Armour Emporium.
  1746 | D:2      | 1746 ||| BUYING +0 chain mail (45 gold).
  1746 | D:2      | Bought a +0 chain mail for 45 gold pieces
  1746 | D:2      | 1746 ||| SHOPLISTING +0 plate armour (230 gold, have 51).
  1803 | D:2      | Reached skill level 4 in Axes
  1814 | D:2      | 1814 ||| Stepping ~*~*~tactically~*~*~ (stealth).
  1816 | D:2      | 1816 ||| Stepping ~*~*~tactically~*~*~ (stealth).
  1817 | D:2      | 1817 ||| Stepping ~*~*~tactically~*~*~ (stealth).
  1818 | D:2      | 1818 ||| Stepping ~*~*~tactically~*~*~ (stealth).
  1886 | D:2      | 1886 ||| Stepping ~*~*~tactically~*~*~ (hiding).
  2118 | D:2      | 2118 ||| UPGRADING to +0 cloak.
  2123 | D:2      | 2123 ||| UPGRADING to +0 chain mail.
  2133 | D:2      | 2133 ||| DROPPING +0 scale mail.
  2134 | D:2      | 2134 ||| UPGRADING to +6 ring of strength.
  2135 | D:2      | 2135 ||| READING scroll labelled JADDAA ESEHI.
  2136 | D:2      | 2136 ||| DRINKING 2 murky brown potions.
  2232 | D:3      | 2232 ||| DROPPING +0 club.
  2306 | D:3      | 2306 ||| Stepping ~*~*~tactically~*~*~ (hiding).
  2319 | D:3      | 2319 ||| Stepping ~*~*~tactically~*~*~ (stealth).
  2320 | D:3      | 2320 ||| Stepping ~*~*~tactically~*~*~ (hiding).
  2349 | D:3      | 2349 ||| FLEEEEING.
  2546 | D:3      | 2546 ||| DROPPING +0 mace.
  2665 | D:3      | Reached XP level 5. HP: 32/32 MP: 5/5
  2736 | D:3      | 2736 ||| Stepping ~*~*~tactically~*~*~ (stealth).
  2745 | D:3      | 2745 ||| Stepping ~*~*~tactically~*~*~ (stealth).
  2752 | D:3      | 2752 ||| Stepping ~*~*~tactically~*~*~ (stealth).
  2773 | D:3      | Reached skill level 5 in Axes
  2940 | D:3      | Found a faded altar of an unknown god.
  2962 | D:3      | 2962 ||| Stepping ~*~*~tactically~*~*~ (stealth).
  3244 | D:3      | 3244 ||| READING scroll labelled LEM KEIZUZXUM.
  3452 | D:4      | 3452 ||| FLEEEEING.
  3453 | D:4      | 3453 ||| FLEEEEING.
  3454 | D:4      | 3454 ||| FLEEEEING.
  3544 | D:4      | 3544 ||| Stepping ~*~*~tactically~*~*~ (hiding).
  3773 | D:4      | Found a basalt altar of Yredelemnul.
  3775 | D:4      | 3775 ||| Stepping ~*~*~tactically~*~*~ (stealth).
  3780 | D:4      | Noticed Robin
  3804 | D:4      | Killed Robin
  4127 | D:4      | 4127 ||| DROPPING +0 flail.
  4385 | D:4      | 4385 ||| UPGRADING to +2 helmet.
  4390 | D:4      | 4390 ||| UPGRADING to amulet of regeneration.
  4395 | D:4      | 4395 ||| READING scroll labelled KUR RAOL PUENG.
  4396 | D:4      | 4396 ||| READING scroll labelled FULUSTOMOTS.
  4397 | D:4      | 4397 ||| READING scroll labelled ENYMUA ILOY.
  4398 | D:4      | 4398 ||| DRINKING 2 dark potions.
  4399 | D:4      | 4399 ||| DROPPING potion of magic.
  4445 | D:5      | Entered Level 5 of the Dungeon
  4473 | D:5      | 4473 ||| READING scroll of enchant weapon.
  4473 | D:5      | 4473 ||| ENCHANTING +1 war axe.
  4496 | D:5      | Noticed a black bear
  4505 | D:5      | Reached XP level 6. HP: 35/39 MP: 6/6
  4511 | D:5      | Killed a black bear
  4542 | D:5      | Reached skill level 6 in Axes
  4542 | D:5      | Reached XP level 7. HP: 44/44 MP: 7/7
  4551 | D:5      | 4551 ||| DROPPING +0 flail of protection.
  4714 | D:5      | 4714 ||| Stepping ~*~*~tactically~*~*~ (hiding).
  4848 | D:5      | Reached skill level 7 in Axes
  4852 | D:5      | HP: 8/44 [gnoll/+0 halberd (5)]
  4853 | D:5      | 4853 ||| READING 3 scrolls of teleportation.
  4918 | D:5      | 4918 ||| Stepping ~*~*~tactically~*~*~ (stealth).
  4920 | D:5      | 4920 ||| Stepping ~*~*~tactically~*~*~ (hiding).
  4928 | D:5      | 4928 ||| Stepping ~*~*~tactically~*~*~ (hiding).
  4941 | D:5      | Reached XP level 8. HP: 43/49 MP: 8/8
  4997 | D:5      | 4997 ||| UPGRADING to +0 plate armour.
  5007 | D:5      | 5007 ||| DROPPING +0 chain mail.
  5008 | D:5      | 5008 ||| DROPPING +1 helmet.
  5009 | D:5      | 5009 ||| READING scroll labelled CAUHIO DO TEEST.
  5010 | D:5      | 5010 ||| READING 2 scrolls labelled NOMEUMI BUURCH.
  5011 | D:5      | 5011 ||| DROPPING scroll of magic mapping.
  5027 | D:6      | Found Wemup's Armour Boutique.
  5031 | D:6      | 5031 ||| STAIRDANCE
  5060 | D:6      | Found Rebix's Weapon Shoppe.
  5070 | D:6      | 5070 ||| BUYING +1 vampiric hand axe (224 gold).
  5070 | D:6      | Bought a +1 vampiric hand axe for 224 gold pieces
  5070 | D:6      | 5070 ||| SHOPLISTING +3 hand axe of flaming (313 gold, have
                  | 18).
  5070 | D:6      | 5070 ||| SWAPPING to +1 vampiric hand axe.
  5087 | D:6      | Found Foen's Book Shoppe.
  5110 | D:6      | Found Xuont's Weapon Boutique.
  5253 | D:6      | 5253 ||| Stepping ~*~*~tactically~*~*~ (hiding).
  5254 | D:6      | 5254 ||| Stepping ~*~*~tactically~*~*~ (hiding).
  5395 | D:6      | Reached skill level 8 in Axes
  5416 | D:6      | 5416 ||| Stepping ~*~*~tactically~*~*~ (hiding).
  5504 | D:6      | 5504 ||| Stepping ~*~*~tactically~*~*~ (stealth).
  5505 | D:6      | 5505 ||| Stepping ~*~*~tactically~*~*~ (stealth).
  5514 | D:6      | Reached skill level 6 in Fighting
  5514 | D:6      | 5514 ||| FLEEEEING.
  5515 | D:6      | 5515 ||| FLEEEEING.
  5516 | D:6      | 5516 ||| FLEEEEING.
  5517 | D:6      | 5517 ||| FLEEEEING.
  5518 | D:6      | 5518 ||| FLEEEEING.
  5519 | D:6      | 5519 ||| FLEEEEING.
  5520 | D:6      | 5520 ||| FLEEEEING.
  5521 | D:6      | 5521 ||| FLEEEEING.
  5522 | D:6      | 5522 ||| FLEEEEING.
  5551 | D:6      | Reached XP level 9. HP: 55/55 MP: 9/9
  5559 | D:6      | 5559 ||| Stepping ~*~*~tactically~*~*~ (hiding).
  5608 | D:6      | Reached skill level 9 in Axes
  5753 | D:6      | 5753 ||| DRINKING 4 potions of curing.
  5753 | D:6      | 5753 ||| (to cure confusion)
  5833 | D:6      | 5833 ||| Stepping ~*~*~tactically~*~*~ (hiding).
  5927 | D:6      | Found a bloodstained altar of Trog.
  5940 | D:6      | Reached skill level 6 in Armour
  6016 | D:6      | 6016 ||| READING scroll labelled HUOMIENK PUGA.
  6017 | D:6      | 6017 ||| READING scroll labelled JUYNUTEYKA.
  6044 | D:7      | 6044 ||| Stepping ~*~*~tactically~*~*~ (hiding).
  6046 | D:7      | 6046 ||| Stepping ~*~*~tactically~*~*~ (hiding).
  6084 | D:7      | Noticed Menkaure
  6085 | D:7      | 6085 ||| Stepping ~*~*~tactically~*~*~ (hiding).
  6100 | D:7      | Killed Menkaure
  6141 | D:7      | 6141 ||| Stepping ~*~*~tactically~*~*~ (hiding).
  6161 | D:7      | HP: 4/57 [orc warrior/+2 trident of venom (11)]
  6162 | D:7      | 6162 ||| READING 2 scrolls of teleportation.
  6245 | D:7      | 6245 ||| Stepping ~*~*~tactically~*~*~ (stealth).
  6246 | D:7      | 6246 ||| Stepping ~*~*~tactically~*~*~ (stealth).
  6249 | D:7      | Noticed Pikel
  6266 | D:7      | 6266 ||| Stepping ~*~*~tactically~*~*~ (stealth).
  6270 | D:7      | Reached skill level 10 in Axes
  6280 | D:7      | Killed Pikel
  6281 | D:7      | Reached XP level 10. HP: 64/65 MP: 10/10
  6408 | D:7      | Found a staircase to the Ecumenical Temple.
  6409 | D:7      | 6409 ||| PLANNING TEMPLE
  6409 | D:7      | 6409 ||| UPGRADING to +0 pair of gloves.
  6414 | D:7      | 6414 ||| READING scroll labelled DIDAEST KUEZE.
  6537 | Temple   | Entered the Ecumenical Temple
  6550 | Temple   | 6550 ||| PLANNING D:1-11
  6729 | D:7      | Found a stormy altar of Qazlal.
  6729 | D:7      | Found an iron altar of Okawaru.
  6730 | D:7      | 6730 ||| PLANNING OKAWARU WORSHIP
  6734 | D:7      | Became a worshipper of Warmaster Okawaru
  6735 | D:7      | 6735 ||| PLANNING D:1-11
  6757 | D:7      | 6757 ||| READING 2 scrolls of enchant armour.
  6757 | D:7      | 6757 ||| ENCHANTING +0 pair of gloves.
  6758 | D:7      | 6758 ||| READING scroll of enchant armour.
  6758 | D:7      | 6758 ||| ENCHANTING +1 pair of gloves.
  6919 | D:7      | 6919 ||| Stepping ~*~*~tactically~*~*~ (hiding).
  7344 | D:8      | 7344 ||| Stepping ~*~*~tactically~*~*~ (hiding).
  7433 | D:8      | 7433 ||| Stepping ~*~*~tactically~*~*~ (stealth).
  7437 | D:8      | Noticed a two-headed ogre
  7438 | D:8      | 7438 ||| Stepping ~*~*~tactically~*~*~ (stealth).
  7440 | D:8      | 7440 ||| Stepping ~*~*~tactically~*~*~ (stealth).
  7446 | D:8      | 7446 ||| Stepping ~*~*~tactically~*~*~ (stealth).
  7447 | D:8      | HP: 12/65 [two-headed ogre/+0 giant club (11)]
  7448 | D:8      | 7448 ||| READING scroll of teleportation.
  7449 | D:8      | HP: 3/65 [two-headed ogre/+0 giant club (5)]
  7456 | D:8      | 7456 ||| FLEEEEING.
  7457 | D:8      | 7457 ||| FLEEEEING.
  7474 | D:8      | HP: 6/65 [two-headed ogre/+0 giant club (11)]
  7476 | D:8      | Mangled by a hornet

Levels and vault maps discovered:
D:1:      lightli_arrival_boilingwater, layout_loops_ring
D:2:      layout_basic, serial_shops, shop, kennysheep_minor_cross
D:3:      layout_basic, shapermc_ecumenical_altar_mp_highgroup, serial_bayou,
          serial_bayou_ford_a, serial_bayou_lagoon_a, serial_bayou_pond_b,
          serial_bayou_shore_b, serial_bayou_pond_a, minmay_misc_feat_doors,
          palyth_stone_intersect, hex_medium, kennysheep_generic_room_12
D:4:      layout_basic, yredelemnul_altar_generic, grunt_decor_one_mirror,
          uniq_robin
D:5:      layout_rooms, pf_guarded_unrand_woodcutter
D:6:      minmay_bubble_buster, layout_rooms, trog_ov_bears_minmay,
          serial_shops, nicolae_shop_advertising_works
          [nicolae_subvault_shop_adworks], shop, nicolae_square_shop,
          nicolae_shop_bloodbath_and_beyond, minmay_misc_feat_plants
D:7:      layout_basic, nicolae_overflow_two_pavilions,
          minmay_temple_entry_sparse_star, hangedman_decor_diamond_cutter,
          uniq_menkaure, uniq_pikel
D:8:      layout_basic, nicolae_titane
Temple:   hellmonk_temple_two_chambers

Skill      XL: |  1  2  3  4  5  6  7  8  9 10 |
---------------+-------------------------------+-----
Axes           | 2 3 4 5 6 7 8 10 | 10.0
Fighting       | 4 5 6 8 |  8.6
Dodging        | 2 |  2.0
Armour         | 5 6 7 |  7.1
Shields        | 4 |  4.6
Throwing       | |  0.7

Action                   |  1- 3 |  4- 6 |  7- 9 | 10-12 || total
-------------------------+-------+-------+-------+-------++-------
Melee: War axe           |    91 |   182 |    69 |       ||   342
       Hand axe          |       |       |   353 |   126 ||   479
Throw: Boomerang         |       |       |       |     1 ||     1
  Use: Scroll            |     3 |     6 |     6 |     4 ||    19
       Potion            |       |     2 |     1 |       ||     3
Armor: Scale mail        |    65 |     5 |       |       ||    70
       Chain mail        |       |   135 |    73 |       ||   208
       Plate armour      |       |       |   308 |    78 ||   386
Dodge: Dodged            |    47 |    80 |   200 |    30 ||   357
Block: Buckler           |    20 |    24 |    84 |    26 ||   154

Table legend:
 A = Non-vault XP
 B = Vault XP
 C = Vault XP percentage of total XP
 D = Non-vault monster count
 E = Vault monster count
 F = Vault count percentage of total count
                 A         B        C        D         E       F
            +---------+---------+-------+---------+---------+-------
      Total |    3750 |    2469 |  39.7 |     161 |      49 |  23.3
            +---------+---------+-------+---------+---------+-------
        D:1 |      34 |       0 |   0.0 |      20 |       0 |   0.0
        D:2 |      77 |       0 |   0.0 |      27 |       0 |   0.0
        D:3 |     141 |      12 |   7.8 |      21 |       5 |  19.2
        D:4 |      15 |      36 |  70.6 |       6 |      13 |  68.4
        D:5 |     865 |     280 |  24.5 |      16 |      13 |  44.8
        D:6 |    1135 |    1303 |  53.4 |      29 |      16 |  35.6
        D:7 |    1300 |     838 |  39.2 |      29 |       2 |   6.5
        D:8 |     183 |       0 |   0.0 |      13 |       0 |   0.0
            +---------+---------+-------+---------+---------+-------
